 Dungeon Crawl Stone Soup version 0.29.1-1-gd02db6906a (webtiles) character file.

Game seed: 13348024485747438105

2982 Iusername the Spear-Bearer (level 9, -4/71 HPs)
             Began as a Minotaur Fighter on Sept 27, 2022.
             Was a Believer of Hepliaklqana.
             Killed by vampiric draining
             ... invoked by a vampire
              (12 damage)
             ... on level 6 of the Dungeon.
             The game lasted 00:15:36 (8675 turns).

Iusername the Spear-Bearer (Minotaur Fighter)       Turns: 8675, Time: 00:15:37

Health: -4/71      AC: 14    Str: 22    XL:     9   Next: 53%
Magic:  0/8        EV:  4    Int: 11    God:    Hepliaklqana [**....]
Gold:   289        SH: 17    Dex: 13    Spells: 8/8 levels left

rFire   . . .      SeeInvis .   a - +0 trident (freeze)
rCold   . . .      Faith    .   x - +2 tower shield
rNeg    . . .      Spirit   +   w - +0 plate armour
rPois   .          Reflect  .   (helmet restricted)
rElec   .          Harm     .   (no cloak)
rCorr   .          Rampage  .   f - +0 pair of gloves
Will    +....                   (no boots)
Stlth   ..........              s - amulet of guardian spirit
HPRegen 0.21/turn               C - +6 ring of intelligence
MPRegen 0.11/turn               l - ring of willpower

@: flying
A: reduced essence, horns 2, retaliatory headbutt
a: Renounce Religion, Ancestor Life: Knight, Ancestor Life: Battlemage, Ancestor
Life: Hexer, Recall Ancestor, Ancestor Identity


You were on level 6 of the Dungeon.
You worshipped Hepliaklqana.
Hepliaklqana was pleased with you.
You visited 1 branch of the dungeon, and saw 6 of its levels.
You also visited: Ossuary.

You collected 289 gold pieces.

Inventory:

Hand Weapons
 a - a +0 trident of freezing (weapon)
Armour
 f - a +0 pair of gloves (worn)
 w - a +0 plate armour (worn)
 x - a +2 tower shield (worn)
Jewellery
 l - a ring of willpower (right hand)
 s - an amulet of guardian spirit (around neck)
 C - a +6 ring of intelligence (left hand)
Wands
 r - a wand of flame (20)
 u - a wand of paralysis (8)
 B - a wand of quicksilver (7)
Scrolls
 e - 7 scrolls of teleportation
 g - 2 scrolls of magic mapping
 h - 2 scrolls of vulnerability
 o - 2 scrolls of immolation
 t - 2 scrolls of torment
Potions
 b - a potion of ambrosia {unknown}
 i - a potion of berserk rage {unknown}
 j - 2 potions of flight
 k - 4 potions of lignification
 m - a potion of curing {unknown}
 n - 2 potions of degeneration {unknown}
 q - 2 potions of heal wounds {unknown}
 z - 2 potions of resistance {unknown}


   Skills:
 + Level 7.1 Fighting
 + Level 10.3 Polearms
 + Level 7.5 Armour
 + Level 1.6 Dodging
 + Level 2.0 Stealth
 + Level 8.4 Shields


You had 8 spell levels left.
You didn't know any spells.
Your spell library contained the following spells:

 Spells                   Type           Power      Damage    Failure   Level
 Beastly Appendage        Tmut           0%         N/A       100%        1
 Freeze                   Ice            0%         1d3       100%        1
 Wereblood                Tmut           0%         N/A       100%        2
 Frozen Ramparts          Ice            0%         1d1       100%        3
 Spider Form              Tmut/Pois      0%         N/A       100%        3
 Summon Guardian Golem    Hex/Summ       0%         N/A       100%        3
 Hailstorm                Conj/Ice       0%         3d3       100%        4
 Fireball                 Conj/Fire      0%         3d3       100%        5
 Iskenderun's Battlesphe  Conj           0%         2d6       100%        5
 Conjure Ball Lightning   Conj/Air       0%         3x3d6     100%        6
 Orb of Destruction       Conj           0%         9d5       100%        7
 Spellforged Servitor     Conj/Summ      0%         N/A       100%        7


Dungeon Overview and Level Annotations

Branches:
Dungeon (6/15)            Ossuary (visited)
 Temple: D:4-7

Altars:
Fedhas
Hepliaklqana
Kikubaaqudgha
Makhleb
Sif Muna
Vehumet
Xom
Zin


Innate Abilities, Weirdness & Mutations

Your life essence is reduced to manifest your ancestor. (-10% HP)
You have a pair of horns on your head.
You reflexively headbutt those who attack you in melee.


Message History

You puncture the vampire! You freeze the vampire.
Your headbutt misses the vampire.
The vampire is severely damaged.
The vampire mumbles some strange words.
The vampire flickers and vanishes!
Deactivating autopickup; reactivate with Ctrl-A.
There is a strange disturbance nearby!
No target in view!
There is a strange disturbance nearby!
No target in view!
There is a strange disturbance nearby!
You hit something but do no damage. Something draws life force from you.
You hit something but do no damage. Your headbutt misses something.
Something hits you but does no damage. Something bites you.
Something draws strength from your injuries!
You miss something. Something hits you. Something bites you!
Something draws strength from your injuries!
You barely miss something. You block something's attack. x2
You miss something. Something hits you but does no damage.
Something bites you but does no damage.
You hit something but do no damage. Something hits you. Something bites you.
Something draws strength from your injuries!
You hit something. Something hits you but does no damage.
You block something's attack.
You hit something. Something draws life force from you!
Something hits you but does no damage. You block something's attack.
You hit something. Your headbutt misses something. Something hits you!
You block something's attack.
You barely miss something. You block something's attack. x2
You puncture something! You freeze something.
Something hits you but does no damage. Something bites you!
* * * LOW HITPOINT WARNING * * *
Something draws strength from your injuries!
You miss something. Your headbutt misses something.
Something draws life force from you!
* * * LOW HITPOINT WARNING * * *
It was a potion of flight.
You feel very buoyant.
You fly up into the air.
Something draws life force from you!
You die...

#....###.# #...#
#.# #.#
####..>#.# #...#
#.# #.# ###R#.#
###### #.# #.#
#.....# ##...##
##.#######.#
#.....# #.....#
#.......##.#
######.....#
#.....#
#.......##.#
.....+.....#
#.)...#
#..........#
######.....#
#.{.#
#.......####
######.#####
###@#####.#######
.....#.#
#..R......#
####.#.#
#.........#
....<#.#
+..8......#
#..#.#.#
#.......###
...#.#.#
#.......#
...#.#.#####
###+#####
####.#.#.#.#
.....#.#.#.#


You could see the friendly retard the ancestor.

Vanquished Creatures
  2 water moccasins (D:6)
  A black bear (D:5)
  An orc warrior (D:6)
  A sky beast (D:6)
  An ice beast (D:5)
  An ogre (D:5)
  2 phantoms
  A kobold brigand (D:6)
  An elf zombie (Ossuary)
  A bullfrog (D:6)
  4 scorpions
  4 wights (D:6)
  5 killer bees (D:6)
  A howler monkey (D:6)
  4 hounds (D:5)
  2 jellies (D:6)
  2 human zombies (Ossuary)
  2 orc priests
  A gnoll bouda (D:6)
  3 iguanas
  Natasha (thrice) (D:2)
  5 orc wizards
  3 mummies (Ossuary)
  4 gnolls
  5 adders
  A shadow imp (D:6)
  A white imp (D:6)
  An adder zombie (Ossuary)
  2 dart slugs
  7 orcs
  3 bats
  11 endoplasms
  6 giant cockroaches
  8 goblins
  9 hobgoblins
  7 jackals
  8 kobolds
  6 quokkas
  11 ball pythons
  2 frilled lizards
  A gnoll zombie (Ossuary)
  A goblin zombie (Ossuary)
  4 hobgoblin zombies (Ossuary)
  4 jackal zombies (Ossuary)
  5 kobold zombies (Ossuary)
  An orc zombie (Ossuary)
  A quokka zombie (Ossuary)
  6 rats
  2 rat zombies (Ossuary)
168 creatures vanquished.

Vanquished Creatures (collateral kills)
  2 water moccasins
  An ogre (D:4)
  An orc wizard (D:6)
  3 hound zombies (Ossuary)
  3 adders (D:4)
  A shadow imp (D:6)
  An ufetubus (D:4)
  2 orcs
  An endoplasm (D:4)
  A goblin (D:3)
  A kobold (D:4)
  A frilled lizard (D:3)
  A goblin zombie (Ossuary)
  3 jackal zombies (Ossuary)
  An orc zombie (Ossuary)
  2 rat zombies (Ossuary)
25 creatures vanquished.

Vanquished Creatures (others)
  An ancestor (D:3)
1 creature vanquished.

Grand Total: 194 creatures vanquished

Notes
Turn   | Place    | Note
-------+----------+-------------------------------------------
     0 | D:1      | Iusername the Minotaur Fighter began the quest for the Orb.
     0 | D:1      | Reached XP level 1. HP: 19/19 MP: 0/0
    29 | D:1      | Reached XP level 2. HP: 16/27 MP: 1/1
   715 | D:1      | Reached XP level 3. HP: 26/33 MP: 2/2
  1393 | D:2      | Noticed Natasha
  1400 | D:2      | Killed Natasha
  1401 | D:2      | Reached skill level 3 in Polearms
  1401 | D:2      | Reached XP level 4. HP: 41/41 MP: 3/3
  1514 | D:2      | Noticed Natasha
  1518 | D:2      | Killed Natasha
  1604 | D:2      | Found a blossoming altar of Fedhas.
  1655 | D:2      | Noticed Natasha
  1658 | D:2      | Killed Natasha
  1659 | D:2      | Reached skill level 4 in Polearms
  1659 | D:2      | Reached XP level 5. HP: 47/47 MP: 4/4
  2017 | D:3      | Found a faded altar of an unknown god.
  2064 | D:3      | Prayed at the altar of an unknown god.
  2064 | D:3      | Became a worshipper of Hepliaklqana the Forgotten
  2064 | D:3      | Reached * piety under Hepliaklqana
  2246 | D:3      | Found a radiant altar of Vehumet.
  2246 | D:3      | Found a faded altar of an unknown god.
  2253 | D:3      | Found a shimmering altar of Xom.
  2255 | D:3      | Found a glowing silver altar of Zin.
  2257 | D:3      | Found a faded altar of an unknown god.
  2731 | D:3      | Reached skill level 1 in Dodging
  2894 | D:3      | Found a shimmering blue altar of Sif Muna.
  2951 | D:3      | Found a burning altar of Makhleb.
  3107 | D:4      | Reached skill level 5 in Polearms
  3184 | D:4      | Noticed an ogre
  3195 | D:4      | Killed an ogre
  3196 | D:4      | Reached skill level 5 in Armour
  3196 | D:4      | Reached XP level 6. HP: 18/49 MP: 1/5
  3721 | D:4      | Reached skill level 5 in Fighting
  3808 | D:4      | Reached ** piety under Hepliaklqana
  3979 | D:4      | Reached skill level 6 in Polearms
  4016 | D:5      | Entered Level 5 of the Dungeon
  4046 | D:5      | Reached XP level 7. HP: 29/54 MP: 3/6
  4453 | D:5      | Reached skill level 5 in Shields
  4590 | D:5      | Reached skill level 7 in Polearms
  4712 | D:5      | Found a sand-covered staircase.
  4724 | Ossuary  | Entered an ossuary
  5002 | D:5      | Reached XP level 8. HP: 54/62 MP: 5/7
  5121 | D:5      | Reached skill level 8 in Polearms
  5121 | D:5      | Reached skill level 1 in Stealth
  5464 | D:5      | Found an ancient bone altar of Kikubaaqudgha.
  6114 | D:6      | Reached skill level 9 in Polearms
  6214 | D:6      | Reached XP level 9. HP: 42/70 MP: 6/8
  6499 | D:6      | Reached skill level 10 in Polearms
  8675 | D:6      | Killed from afar by a vampire

Illustrated notes

Levels and vault maps discovered:
D:1:      psy_arrival_basics, layout_basic, minmay_domino_4
D:2:      layout_basic, basic_altar, uniq_natasha
D:3:      layout_loops_ring, nicolae_sif_muna_little_library,
          lightli_temple_of_fire, chequers_temple_overflow_minitemple,
          hellmonk_ecumenical_altar_leap_of_faith, minmay_checkerbox
D:4:      layout_rooms, grunt_decor_resistance
D:5:      layout_loops_ring, kennysheep_little_box, nicolae_ossuary_entry_ruins
D:6:      minmay_diamond_boxcup, layout_basic, minmay_three_doors

Skill      XL: |  1  2  3  4  5  6  7  8  9 |
---------------+----------------------------+-----
Shields        | 4 5 7 8 |  8.4
Armour         | 4 5 6 7 |  7.5
Fighting       | 4 5 6 7 |  7.1
Polearms       | 3 4 5 6 7 9 10 | 10.3
Dodging        | 1 |  1.6
Stealth        | 1 2 |  2.0

Action                   |  1- 3 |  4- 6 |  7- 9 || total
-------------------------+-------+-------+-------++-------
Melee: Trident           |    77 |   149 |   351 ||   577
       Headbutt          |     8 |    22 |    48 ||    78
Invok: Ancestor Identity |       |     2 |       ||     2
  Use: Scroll            |       |     7 |     7 ||    14
       Potion            |       |       |     3 ||     3
 Stab: Distracted        |       |       |     4 ||     4
Armor: Scale mail        |    26 |    26 |       ||    52
       Plate armour      |       |    21 |   138 ||   159
Dodge: Dodged            |    23 |    41 |    34 ||    98
Block: Buckler           |    16 |    12 |       ||    28
       Tower shield      |       |    13 |   215 ||   228
